 Dungeon Crawl Stone Soup version 0.28.0-47-ge53b351184 (webtiles) character file.

Game seed: 9111124144250465176

222 pkoi the Insei (level 5, 0/42 HPs)
             Began as a Demigod Gladiator on Apr 28, 2022.
             Succumbed to a water moccasin's poison
             ... on level 5 of the Dungeon.
             The game lasted 00:07:48 (4663 turns).

pkoi the Insei (Demigod Gladiator)                  Turns: 4663, Time: 00:07:49

Health: 0/42       AC: 10    Str: 15    XL:     5   Next: 38%
Magic:  7/7        EV:  7    Int: 19    God:
Gold:   54         SH:  0    Dex: 15    Spells: 4/4 levels left

rFire   + . .      SeeInvis .   p - +4 dagger "Morg" {pain, Will+ Int+5}
rCold   + . .      Faith    .   (no shield)
rNeg    . . .      Spirit   .   g - +0 chain mail
rPois   .          Reflect  .   k - +1 helmet
rElec   .          Harm     .   d - scarf {rC+ rF+}
rCorr   .          Rampage  .   (no gloves)
Will    +....                   (no boots)
Stlth   ..........              (no amulet)
HPRegen 0.14/turn               (no ring)
MPRegen 0.10/turn               (no ring)

@: mighty, lethally poisoned (0 -> -1), invisible
A: high MP 1, forlorn, divine attributes
a: no special abilities


You were on level 5 of the Dungeon.
You visited 1 branch of the dungeon, and saw 4 of its levels.

You collected 54 gold pieces.

Inventory:

Hand Weapons
 b - a +0 hunting sling
 h - a +0 short sword
 p - the +4 dagger "Morg" (weapon) {pain, Will+ Int+5}
   (You found it on level 2 of the Dungeon)

   In the hands of one skilled in necromantic magic, it inflicts extra damage on
   living creatures.
   Int:       It affects your intelligence (+5).
   Will:      It increases your willpower.
Missiles
 c - 3 throwing nets (quivered)
 l - 60 stones
 m - 20 sling bullets
Armour
 a - a +0 leather armour
 d - a scarf of resistance (worn)
 g - a +0 chain mail (worn)
 k - a +1 helmet (worn)


   Skills:
 + Level 2.7 Fighting
 + Level 1.0 Short Blades
 - Level 1.7 Throwing
 + Level 1.9 Armour
 - Level 3.1 Dodging
 - Level 4.2 Unarmed Combat
 + Level 1.0 Necromancy


You had 4 spell levels left.
You didn't know any spells.
Your spell library contained the following spells:

 Spells                   Type           Power      Damage    Failure   Level
 Magic Dart               Conj           0%         1d3       99%         1
 Call Imp                 Summ           0%         N/A       100%        2
 Mephitic Cloud           Conj/Pois/Air  0%         N/A       100%        3


Dungeon Overview and Level Annotations

Branches:
Dungeon (3/15)

Annotations:
D:5 Woods's ghost, novice GnTm


Innate Abilities, Weirdness & Mutations

You have an increased reservoir of magic. (+10% MP)
You shall have no god before yourself.
Your divine heritage dramatically boosts your attributes as you level up.


Message History

You feel very sick.
It was a potion of curing.
You feel better.
The water moccasin bites you but does no damage.
The gnoll hits you with a +0 club.
* * * LOW HITPOINT WARNING * * *
The water moccasin bites you.
* * * LOW HITPOINT WARNING * * *
The water moccasin barely misses you.
You miss the water moccasin.
The water moccasin bites you but does no damage.
The gnoll hits you from afar with a +0 spear.
* * * LOW HITPOINT WARNING * * *
The water moccasin bites you.
* * * LOW HITPOINT WARNING * * *
You are lethally poisoned!
The water moccasin poisons you!
* * * LOW HITPOINT WARNING * * *
You feel very sick.
* * * LOW HITPOINT WARNING * * *
You feel very sick.
* * * LOW HITPOINT WARNING * * *
You feel sick.
It was a potion of invisibility.
You fade into invisibility!
* * * LOW HITPOINT WARNING * * *
You feel sick. The ogre barely misses you.
* * * LOW HITPOINT WARNING * * *
You feel sick.
* * * LOW HITPOINT WARNING * * *
You feel sick.
Found 28 gold pieces, a mace and a long sword.
* * * LOW HITPOINT WARNING * * *
You feel sick.
The hound barks! x2
Found a scroll labelled VOWKUM UROGA.
* * * LOW HITPOINT WARNING * * *
You feel sick.
* * * LOW HITPOINT WARNING * * *
You feel sick.
You die...

*,,*,*,,,,,*,*,,,,*,*****
*,,*,,*,,.#..#..#,,,*,,,*
*,,*,,,.©....#..##,,*,,,*
,,,*,,#..W#..#....,,,,,<*
,,,*,*.....#.#...*,,*,,,*
*,,*©,.....hh#..#**,,,,,**
*,,**8.$)).8##..##***,,,,***
*,,,**#######....####.#*,,,*
*,,,,,..©..$....@..?..#***,*
**,,,,........O#.##...#***,*
,,,,,*,..####.........#*,,>*
,,,,,*,*,*#.S....#####*,,***
,,,,,,,#.##g##..## *,**
,,,,,,##...g##.## *,*
,,,,.....###.g.# *,*
,,,,...#.###.#.# *,*
......,#..##g..# *,*


You could see a water moccasin (inner flame), an ogre (inner flame), 2 hounds,
Woods's ghost (wandering) and 2 gnolls.

Vanquished Creatures
  An orc wizard (D:3)
  Ijyb (D:2)
  A hound skeleton (D:2)
  4 gnolls
  2 adders
  A worm (D:2)
  3 dart slugs
  2 orcs (D:3)
  9 ball pythons
  6 endoplasms
  2 giant cockroaches
  6 goblins
  3 hobgoblins
  6 jackals
  4 kobolds
  3 quokkas
  7 bats
  6 frilled lizards
  5 rats
72 creatures vanquished.

Vanquished Creatures (others)
  An orc wizard (D:3)
1 creature vanquished.

Grand Total: 73 creatures vanquished

Notes
Turn   | Place    | Note
-------+----------+-------------------------------------------
     0 | D:1      | pkoi the Demigod Gladiator began the quest for the Orb.
     0 | D:1      | Reached XP level 1. HP: 17/17 MP: 3/3
    34 | D:1      | Reached skill level 3 in Unarmed Combat
   467 | D:1      | Reached XP level 2. HP: 8/24 MP: 4/4
  1908 | D:1      | Reached XP level 3. HP: 3/29 MP: 5/5
  2334 | D:2      | Reached skill level 1 in Armour
  2949 | D:2      | Reached XP level 4. HP: 13/37 MP: 6/6
  3693 | D:2      | Reached skill level 4 in Unarmed Combat
  4070 | D:2      | Found the +4 dagger "Morg" {pain, Will+ Int+5}
  4097 | D:3      | Noticed Ijyb
  4105 | D:2      | Paralysed by Ijyb for 6 turns
  4127 | D:2      | Killed Ijyb
  4316 | D:3      | Reached XP level 5. HP: 42/42 MP: 7/7
  4394 | D:3      | Reached skill level 1 in Short Blades
  4394 | D:3      | Reached skill level 1 in Necromancy
  4629 | D:3      | You fall into a shaft and drop 2 floors!
  4629 | D:5      | Entered Level 5 of the Dungeon
  4629 | D:5      | Noticed an ogre
  4632 | D:5      | Noticed a water moccasin
  4661 | D:5      | HP: 2/42 [poisoned by a water moccasin]
  4661 | D:5      | Noticed Woods's ghost (novice GnTm)
  4663 | D:5      | Succumbed to a water moccasin's poison

Illustrated notes

Levels and vault maps discovered:
D:1:      lightli_arrival_maybe_door_vault, layout_basic, minmay_ruptured
D:2:      layout_loops_ring, basic_altar, grunt_ministairs_9,
          cheibrodos_gnoll_hut
D:3:      layout_loops_corners, uniq_crazy_yiuf_cottage, uniq_ijyb
D:5:      layout_rooms, eat_drink_and_be_merry_uskayaw, gammafunk_ghost_arena,
          uniq_edmund

Skill      XL: |  1  2  3  4  5 |
---------------+----------------+-----
Unarmed Combat | 3 4 |  4.2
Fighting       | 2 |  2.7
Dodging        | 3 |  3.1
Armour         | 1 |  1.9
Short Blades   | 1 |  1.0
Necromancy     | 1 |  1.0
Throwing       | |  1.7

Action                   |  1- 3 |  4- 6 || total
-------------------------+-------+-------++-------
Melee: Unarmed           |   175 |    22 ||   197
       Punch             |     8 |     4 ||    12
       Dagger            |       |    83 ||    83
 Fire: Hunting sling     |    22 |    34 ||    56
  Use: Scroll            |     2 |     3 ||     5
       Potion            |       |     5 ||     5
Armor: Leather armour    |    13 |       ||    13
       Chain mail        |    98 |    79 ||   177
Dodge: Dodged            |    97 |    45 ||   142
